[ AOE2 MATCH · #480138679 ]
UnrankedCumans vs Mongols
Player's team · LOSS
Rival team · WIN
[ REPLAY ANALYSIS · EXTRACTED FROM THE RECORDED GAME ]
Feudal
—
Castle
19:41
Imperial
—
| APM avg | 28.7 |
| APM peak | 65 |
| eAPM avg | 17.3 |
| Villagers / military | 44 / 118 |
Focus
⚔️ 43.2% · 🌾 56.8%
Spearman ×47 · Skirmisher ×22 · Archer ×16 · Knight ×14 · Battering Ram ×13 · Militia ×5
Feudal
—
Castle
13:47
Imperial
30:10
| APM avg | 38.3 |
| APM peak | 91 |
| eAPM avg | 18.1 |
| Villagers / military | 106 / 85 |
Focus
⚔️ 39.6% · 🌾 60.4%
Scout Cavalry ×63 · Mangudai ×16 · Mangonel ×4 · Trebuchet (Packed) ×2
Match map
Initial resources + every placement click. Lines = walls · curves = elevation contours. ◆ gold · ⬟ stone · ● berries · ✦ relic · ◌ wall gap
Your base· ✓ Map-separated
Riojacity's base· ✓ Map-separated
Smoothed initial terrain · ◌ = detected wall gap · hover for details
Inputs per minute
— g.ulloa - - Riojacity
Build order — g.ulloa
132 actions detected in the replay
| 0:23 | Create | Villager (Male) |
| 0:25 | Research | Double-Bit Axe |
| 0:43 | Create | Villager (Male) ×2 |
| 1:15 | Build | Town Center |
| 1:29 | Build | Archery Range |
| 1:30 | Build | Archery Range |
| 2:01 | Research | Town Watch |
| 2:02 | Create | Villager (Male) ×3 |
| 2:09 | Build | House |
| 2:12 | Build | House |
| 2:15 | Build | House |
| 2:23 | Build | Archery Range |
| 2:38 | Create | Villager (Male) ×2 |
| 3:23 | Build | Dock |
| 3:27 | Create | Villager (Male) ×3 |
| 3:27 | Create | Villager (Male) ×3 |
| 4:05 | Create | Spearman ×2 |
| 4:10 | Create | Fishing Ship ×5 |
| 4:34 | Build | Palisade Wall |
| 4:38 | Build | Palisade Wall |
| 4:53 | Build | Palisade Wall |
| 5:01 | Build | Palisade Gate |
| 5:12 | Create | Archer ×5 |
| 5:12 | Create | Archer ×5 |
| 5:12 | Create | Archer ×3 |
| 5:16 | Create | Spearman |
| 5:31 | Create | Villager (Male) ×5 |
| 6:01 | Build | House |
| 6:02 | Build | House |
| 6:07 | Build | House |
| 6:27 | Build | Palisade Gate |
| 6:46 | Create | Spearman ×5 |
| 6:56 | Build | Siege Workshop |
| 7:09 | Build | Palisade Wall |
| 7:14 | Build | House |
| 7:39 | Build | House |
| 7:54 | Create | Battering Ram |
| 8:26 | Create | Battering Ram |
| 8:30 | Create | Archer ×3 |
| 8:40 | Build | Farm |
| 9:01 | Create | Battering Ram |
| 9:59 | Create | Spearman ×5 |
| 10:24 | Build | House |
| 10:33 | Build | House |
| 11:08 | Build | House |
| 11:29 | Research | Forging |
| 12:12 | Create | Militia ×5 |
| 12:19 | Create | Villager (Male) ×5 |
| 13:10 | Build | Watch Tower |
| 13:24 | Build | Farm |
| 13:25 | Build | Farm |
| 13:25 | Build | Farm |
| 13:25 | Build | Farm |
| 13:25 | Build | Farm |
| 13:26 | Build | Farm |
| 13:26 | Build | Farm |
| 13:26 | Build | Farm |
| 13:26 | Build | Farm |
| 13:27 | Build | Farm |
| 13:27 | Build | Farm |
| 13:27 | Build | Farm |
| 13:28 | Build | Farm |
| 13:28 | Build | Farm |
| 13:28 | Build | Farm |
| 13:28 | Build | Farm |
| 13:29 | Build | Farm |
| 13:33 | Build | Mill |
| 14:05 | Create | Villager (Male) ×5 |
| 14:45 | Build | Barracks |
| 14:58 | Build | Barracks |
| 15:43 | Build | Mining Camp |
| 16:15 | Create | Battering Ram ×5 |
| 17:01 | Research | Castle Age |
| 17:03 | Research | Fletching |
| 17:15 | Create | Villager (Male) ×2 |
| 17:42 | Build | Watch Tower |
| 18:20 | Research | Stone Mining |
| 19:20 | Create | Skirmisher ×5 |
| 19:21 | Create | Skirmisher ×5 |
| 19:27 | Research | Scale Mail Armor |
| 19:27 | Research | Padded Archer Armor |
| 19:30 | Create | Spearman ×5 |
| 19:41 | Age | Castle Age |
| 20:03 | Build | Town Center |
| 20:36 | Research | Capped Ram (upgrade) |
| 20:55 | Create | Spearman ×5 |
| 21:19 | Research | Horse Collar |
| 21:50 | Research | Pikeman (upgrade) |
| 22:10 | Create | Spearman ×4 |
| 22:50 | Research | Squires |
| 23:10 | Research | Heavy Plow |
| 23:25 | Create | Villager (Male) ×3 |
| 24:00 | Build | Castle |
| 27:12 | Build | Town Center |
| 27:25 | Research | Gold Mining |
| 27:29 | Create | Villager (Male) ×5 |
| 27:57 | Build | Stable |
| 28:07 | Build | Stable |
| 28:08 | Build | Stable |
| 28:22 | Research | Gold Shaft Mining |
| 28:28 | Build | University |
| 28:38 | Build | House |
| 28:44 | Build | Farm |
| 28:45 | Build | Farm |
| 28:56 | Create | Knight ×5 |
| 29:26 | Create | Knight ×5 |
| 29:28 | Create | Knight ×4 |
| 29:48 | Build | Mining Camp |
| 30:51 | Create | Villager (Male) ×5 |
| 32:07 | Create | Battering Ram ×5 |
| 32:28 | Build | Lumber Camp |
| 33:16 | Research | Bow Saw |
| 33:22 | Research | Bodkin Arrow |
| 33:22 | Research | Iron Casting |
| 33:27 | Create | Skirmisher ×5 |
| 33:28 | Create | Skirmisher ×5 |
| 33:28 | Create | Skirmisher ×2 |
| 33:49 | Build | House |
| 33:50 | Build | House |
| 33:51 | Build | House |
| 33:52 | Build | House |
| 33:53 | Build | House |
| 34:45 | Build | Barracks |
| 34:46 | Build | Barracks |
| 35:05 | Build | Monastery |
| 35:19 | Create | Spearman ×5 |
| 35:27 | Build | Barracks |
| 35:29 | Build | Barracks |
| 35:37 | Create | Monk |
| 36:13 | Create | Spearman ×5 |
| 36:13 | Create | Spearman ×5 |
| 36:14 | Create | Spearman ×5 |
Build order — Riojacity
First 150 of 322 actions detected
| 0:03 | Create | Villager (Male) |
| 0:17 | Build | Mining Camp |
| 0:18 | Create | Villager (Male) |
| 0:24 | Create | Villager (Male) |
| 0:31 | Create | Villager (Male) |
| 0:37 | Build | Stable |
| 0:40 | Create | Villager (Male) |
| 0:57 | Create | Villager (Male) |
| 1:03 | Create | Villager (Male) |
| 1:11 | Create | Villager (Male) |
| 1:21 | Research | Double-Bit Axe |
| 1:24 | Create | Villager (Male) |
| 1:36 | Create | Villager (Male) |
| 1:47 | Create | Villager (Male) |
| 1:53 | Build | House |
| 1:54 | Build | House |
| 1:57 | Create | Villager (Male) |
| 2:11 | Build | Stable |
| 2:18 | Create | Villager (Male) |
| 2:20 | Research | Bloodlines |
| 2:21 | Create | Villager (Male) |
| 2:45 | Build | Mill |
| 2:48 | Create | Villager (Male) |
| 2:56 | Build | House |
| 2:59 | Create | Villager (Male) |
| 3:21 | Build | Mill |
| 3:40 | Create | Villager (Male) |
| 3:45 | Create | Scout Cavalry |
| 3:45 | Create | Scout Cavalry |
| 3:46 | Create | Scout Cavalry |
| 3:46 | Create | Scout Cavalry |
| 4:00 | Create | Villager (Male) |
| 4:18 | Create | Villager (Male) |
| 4:21 | Create | Scout Cavalry |
| 4:30 | Research | Forging |
| 4:39 | Build | Mill |
| 4:46 | Create | Villager (Male) |
| 4:54 | Create | Villager (Male) |
| 5:19 | Create | Villager (Male) |
| 5:19 | Create | Villager (Male) |
| 5:40 | Build | Mill |
| 5:48 | Build | House |
| 5:51 | Build | Palisade Gate |
| 5:54 | Create | Villager (Male) |
| 5:55 | Create | Villager (Male) |
| 6:01 | Create | Villager (Male) |
| 6:06 | Create | Villager (Male) |
| 6:09 | Research | Scale Barding Armor |
| 6:13 | Create | Scout Cavalry |
| 6:16 | Create | Scout Cavalry |
| 6:17 | Create | Scout Cavalry |
| 6:21 | Create | Villager (Male) |
| 6:53 | Build | House |
| 6:56 | Build | Market |
| 6:59 | Create | Villager (Male) |
| 7:17 | Build | Mill |
| 7:23 | Research | Wheelbarrow |
| 7:25 | Create | Villager (Male) |
| 7:26 | Create | Villager (Male) |
| 7:28 | Create | Scout Cavalry |
| 7:36 | Build | House |
| 7:38 | Build | House |
| 7:40 | Build | House |
| 7:43 | Create | Villager (Male) |
| 7:46 | Create | Scout Cavalry |
| 7:53 | Create | Scout Cavalry |
| 7:54 | Create | Scout Cavalry |
| 8:09 | Create | Scout Cavalry |
| 9:16 | Create | Villager (Male) |
| 9:17 | Create | Villager (Male) |
| 10:46 | Research | Castle Age |
| 12:15 | Create | Villager (Male) |
| 12:15 | Create | Villager (Male) |
| 12:16 | Create | Villager (Male) |
| 12:20 | Build | Stable |
| 12:21 | Build | Stable |
| 12:52 | Build | Farm |
| 12:52 | Build | Farm |
| 12:52 | Build | Farm |
| 12:52 | Build | Farm |
| 12:53 | Build | Farm |
| 12:53 | Build | Farm |
| 12:53 | Build | Farm |
| 12:53 | Build | Farm |
| 12:55 | Create | Villager (Male) |
| 13:04 | Research | Fletching |
| 13:07 | Build | Stable |
| 13:22 | Build | Mining Camp |
| 13:47 | Age | Castle Age |
| 13:56 | Build | Castle |
| 14:09 | Research | Bodkin Arrow |
| 14:10 | Research | Iron Casting |
| 14:13 | Create | Scout Cavalry |
| 14:16 | Create | Scout Cavalry |
| 14:17 | Create | Scout Cavalry |
| 14:31 | Build | University |
| 14:35 | Create | Villager (Male) |
| 14:37 | Create | Villager (Male) |
| 14:45 | Create | Scout Cavalry |
| 14:52 | Create | Villager (Male) |
| 15:02 | Build | Town Center |
| 15:18 | Create | Scout Cavalry |
| 15:19 | Create | Mangudai |
| 15:26 | Create | Scout Cavalry |
| 15:31 | Build | Archery Range |
| 15:34 | Create | Mangudai |
| 15:39 | Create | Villager (Male) |
| 15:40 | Create | Villager (Male) |
| 15:43 | Research | Husbandry |
| 15:45 | Research | Light Cavalry (upgrade) |
| 15:47 | Create | Scout Cavalry |
| 15:48 | Create | Villager (Male) |
| 15:49 | Create | Villager (Male) |
| 15:57 | Create | Villager (Male) |
| 16:04 | Create | Mangudai |
| 16:21 | Create | Scout Cavalry |
| 16:22 | Create | Scout Cavalry |
| 16:26 | Create | Villager (Male) |
| 16:52 | Create | Scout Cavalry |
| 16:54 | Create | Scout Cavalry |
| 16:58 | Create | Scout Cavalry |
| 16:59 | Create | Scout Cavalry |
| 16:59 | Create | Scout Cavalry |
| 17:00 | Create | Villager (Male) |
| 17:00 | Create | Villager (Male) |
| 17:00 | Create | Villager (Male) |
| 17:01 | Create | Villager (Male) |
| 17:01 | Create | Villager (Male) |
| 17:01 | Create | Villager (Male) |
| 17:02 | Create | Villager (Male) |
| 17:02 | Create | Villager (Male) |
| 17:03 | Create | Scout Cavalry |
| 17:04 | Create | Villager (Male) |
| 17:06 | Create | Villager (Male) |
| 17:42 | Create | Mangudai |
| 17:43 | Create | Mangudai |
| 17:44 | Create | Mangudai |
| 18:35 | Create | Mangudai |
| 18:36 | Create | Mangudai |
| 19:02 | Create | Villager (Male) |
| 19:04 | Build | House |
| 19:04 | Build | House |
| 19:05 | Build | House |
| 19:05 | Build | House |
| 19:22 | Create | Villager (Male) |
| 19:23 | Create | Villager (Male) |
| 19:24 | Create | Villager (Male) |
| 19:36 | Build | Siege Workshop |
| 19:40 | Create | Villager (Male) |
| 19:42 | Create | Scout Cavalry |
Match timeline
| 0:37 | Riojacity · first_building Stable |
| 1:29 | g.ulloa · first_building Archery Range |
| 3:23 | g.ulloa · first_building Dock |
| 4:34 | g.ulloa · wall_segment Palisade Wall x10 |
| 4:38 | g.ulloa · wall_segment Palisade Wall x7 |
| 4:53 | g.ulloa · wall_segment Palisade Wall x34 |
| 6:56 | g.ulloa · first_building Siege Workshop |
| 7:09 | g.ulloa · wall_segment Palisade Wall x12 |
| 13:47 | Riojacity · age_up castle |
| 13:56 | Riojacity · first_building Castle |
| 14:45 | g.ulloa · first_building Barracks |
| 15:11 | Riojacity · first_market_buy 100 wood |
| 15:15 | Riojacity · first_market_sell 100 stone |
| 15:31 | Riojacity · first_building Archery Range |
| 19:36 | Riojacity · first_building Siege Workshop |
| 19:41 | g.ulloa · age_up castle |
| 24:00 | g.ulloa · first_building Castle |
| 27:57 | g.ulloa · first_building Stable |
| 30:10 | Riojacity · age_up imperial |
| 35:05 | g.ulloa · first_building Monastery |
| 36:40 | g.ulloa · resign |
[ AI ANALYSIS · 1 CREDIT ]
What really happened in this match?
Wolo.gg analyzes every decision: build order, eco, micro, common mistakes by bracket. Personalized analysis on WhatsApp or Discord in 30 seconds.
Civ guide
Cumans
Perfil
Jugador #4613397